 Dungeon Crawl Stone Soup version 0.29.0-4-gdea44cf6ec (webtiles) character file.

Game seed: 16848743204707621932

178 sentinel the Digger (level 6, -10/45 HPs)
             Began as a Meteoran Earth Elementalist on Aug 27, 2022.
             Mangled by an iguana (12 damage)
             ... on level 5 of the Dungeon.
             The game lasted 00:04:10 (322 turns).

sentinel the Digger (Meteoran Earth Elementalist)    Turns: 322, Time: 00:04:10

Health: -10/45     AC:  2    Str:  6 (9)  XL:     6   Next: 13%
Magic:  6/11       EV: 12    Int: 16 (19) God:
Gold:   0          SH:  0    Dex: 12 (15) Spells: 4/10 levels left

rFire   . . .      SeeInvis .   (no weapon)
rCold   . . .      Faith    .   (no shield)
rNeg    . . .      Spirit   .   a - +0 robe
rPois   .          Reflect  .   (no helmet)
rElec   .          Harm     .   (no cloak)
rCorr   .          Rampage  .   (no gloves)
Will    .....                   (no boots)
Stlth   +.........              (no amulet)
HPRegen 0.15/turn               (no ring)
MPRegen 0.12/turn               (no ring)

@: glowing
A: sense surroundings 1, otherworldly, glowing, explore regen
a: no special abilities


You were on level 5 of the Dungeon.
You visited 1 branch of the dungeon, and saw 5 of its levels.

Inventory:

Armour
 a - a +0 robe (worn)
Potions
 b - a potion of magic


   Skills:
 - Level 2.4 Dodging
 - Level 1.4 Stealth
 - Level 2.6 Spellcasting
 - Level 1.2 Transmutations
 + Level 7.3 Earth Magic


You had 4 spell levels left.
You knew the following spells:

 Your Spells              Type           Power      Damage    Failure   Level
a - Sandblast             Erth           50%        2d12      1%          1
b - Stone Arrow           Conj/Erth      26%        3d8       13%         3
c - Passwall              Tmut/Erth      12%        N/A       4%          2

Your spell library contained the following spells:

 Spells                   Type           Power      Damage    Failure   Level
 Petrify                  Tmut/Erth      15%        N/A       32%         4


Dungeon Overview and Level Annotations

Branches:
Dungeon (5/15) Zot: 2657
 Temple: D:4-7

Altars:
Makhleb

Shops:
D:4 ((

Annotations:
D:5 Prince Ribbit


Innate Abilities, Weirdness & Mutations

You passively map a small area around you.
You are easily found by Zot.
You glow in the dark.
You regain HP and MP as you explore.


Message History

The blast of sand hits the kobold!
You kill the kobold!
You see here a hobgoblin corpse.
Items here: ( )))) [ †††.
There is a stone staircase leading down here.
There is a stone staircase leading down here.
You climb downwards.
Magic restored.
There is a stone staircase leading up here.
Okay, then.
As you read the scroll labelled FOUTHR POYXAUGG, it crumbles to dust.
Wisps of shadow whirl around you...
It was a scroll of summoning.
As you read the scroll labelled ZEIP HUXUEFUPS, it crumbles to dust.
The scroll dissolves into smoke.
It was a scroll of fog.
Found 2 poisoned darts.
Found Bohium's Weapon Shop.
Found a dagger and 13 gold pieces.
Found a human corpse.
There is an entrance to Bohium's Weapon Shop here.
An adder comes into view.
The adder hisses angrily.
Found 10 gold pieces.
The blast of sand hits the adder!
You kill the adder!
You have reached level 4!
This spell is quite dangerous to cast!
Memorise Stone Arrow, consuming 3 spell levels and leaving 2?
You start memorising the spell.
You continue memorising.
Your black bear dissolves into shadows!
You continue memorising. x2
You finish memorising.
Spell assigned to 'b'.
Found a stone staircase leading down.
There is a stone staircase leading down here.
You climb downwards.
Your summoned ally is left behind.
Found a leather armour.
There is a stone staircase leading up here.
The blast of sand hits the black bear!
The black bear is heavily wounded.
The howler monkey howls!
You hear a loud, deep croak!
Prince Ribbit comes into view.
The blast of sand hits the black bear!
You kill the black bear!
Your Earth Magic skill increases to level 6!
You have reached level 5!
The blast of sand misses the howler monkey.
The howler monkey hoots and howls with incredible vigour! x2
You hear a shout! x10; You hear a bark!
You hear a shout! x2
You hear an angry growl.
You hear an angry hiss.
You hear a shout! x2
The blast of sand hits the howler monkey!
The howler monkey is almost dead.
The howler monkey hits you but does no damage.
The howler monkey hits you.
The blast of sand hits the howler monkey!
You kill the howler monkey!
Prince Ribbit hits you!
Prince Ribbit blinks!
Your Earth Magic skill increases to level 7!
You have reached level 6!
You feel clever.
You aren't carrying any items that you can evoke.
Unknown command.
You climb upwards.
There is a stone staircase leading down here.
Found Vomos's Antique Weapon Shoppe.
There is an entrance to Vomos's Antique Weapon Shoppe here.
HP restored.
An endoplasm comes into view.
Unknown command.
The blast of sand hits the endoplasm!
You kill the endoplasm!
Found a stone staircase leading down.
HP restored.
Magic restored.
Found a stone staircase leading up.
Found 14 gold pieces.
There is a stone staircase leading down here.
Unknown command.
You climb downwards.
Level annotation: Prince Ribbit
There is a stone staircase leading up here.
An orc comes into view.
It is wielding a +2 short sword of venom.
The orc shouts!
You hear a bark!
You open the door.
Found a burning altar of Makhleb.
The blast of sand hits the orc!!
You kill the orc!
Found an escape hatch in the floor.
An orc comes into view. It is wielding a +0 hand axe.
A hound comes into view.
The hound barks!
You hear a shout!
You hear an angry hiss.
You see here a +2 short sword of venom.
The blast of sand hits the orc.
The orc is almost dead.
You miscast Sandblast.
You are very lightly contaminated with residual magic.
Nothing appears to happen.
The orc barely misses you.
An orc priest comes into view. It is wielding a +0 hand axe.
An iguana comes into view.
The hound misses you.
The blast of sand hits the orc!!
You kill the orc!
The hound bites you. x2
The blast of sand hits the hound!
The hound is severely wounded.
The hound bites you but does no damage.
An orc comes into view. It is wielding a +0 dagger.
The hound bites you.
An orc wizard comes into view. It is wielding a +0 dagger.
The orc moves out of view.
The blast of sand misses the hound.
The hound barely misses you. The hound bites you.
The orc priest mumbles some strange prayers to Beogh against you.
Beogh smites you! The hound attacks as you move away! The hound bites you. x2
* * * LOW HITPOINT WARNING * * *
You are too injured to fight recklessly!
Casting: Sandblast (safe; 1% risk of failure)
Confirm with . or Enter, or press ? or * to list all spells.
Aiming: Sandblast (safe; 1% risk of failure)
Press: ? - help, Shift-Dir - straight line, f/p - hound
Aim: a hound (severely wounded, 78% to hit)
The blast of sand misses the hound.
The hound bites you.
* * * LOW HITPOINT WARNING * * *
The hound bites you.
* * * LOW HITPOINT WARNING * * *
Your magical contamination has completely faded away.
HP warning!
Casting: Sandblast (safe; 1% risk of failure)
Confirm with . or Enter, or press ? or * to list all spells.
Aiming: Sandblast (safe; 1% risk of failure)
Press: ? - help, Shift-Dir - straight line, f/p - hound
Aim: a hound (severely wounded, 78% to hit)
Okay, then.
You aren't carrying any items that you can evoke.
Unknown command.
You aren't carrying any scrolls.
Unknown command.
Unknown command.
You aren't carrying any scrolls.
Unknown command.
You aren't carrying any scrolls.
You aren't carrying any scrolls.
You aren't carrying any scrolls.
Okay, then.
It was a potion of degeneration.
There was something very wrong with that liquid.
You feel weakened.
You feel dopey.
You feel clumsy. The hound barely misses you. The hound bites you.
* * * LOW HITPOINT WARNING * * *
HP warning!
The iguana attacks as you move away! The iguana bites you!
You die...

...........#..., , ,
, *#...........# ###
, * *#....<.o....#
### ..........o...#
###* .,
......###..o..+ ._.
+ .. ,, ......,
....l# #.# ##. .
.....,,. ..#.# #.#
*......, * ###.#
..>.##o###'###.#....
* ##
......)h@........#
......#l.#..<...## *
..... #..#....### *
.... #......### ##.
#.##.### # , .. ###
... ,...#


You could see an iguana, a hound and an orc priest.

Vanquished Creatures
  A black bear (D:5)
  A howler monkey (D:5)
  2 adders
  2 worms (D:2)
  5 orcs
  3 bats
  3 endoplasms
  A giant cockroach (D:3)
  A goblin (D:2)
  3 hobgoblins
  A ball python (D:2)
  A frilled lizard (D:2)
  2 kobolds
26 creatures vanquished.

Notes
Turn   | Place    | Note
-------+----------+-------------------------------------------
     0 | D:1      | sentinel the Meteoran Earth Elementalist began the quest
                  | for the Orb.
     0 | D:1      | Reached XP level 1. HP: 14/14 MP: 5/5
    27 | D:2      | Reached skill level 4 in Earth Magic
    27 | D:2      | Reached XP level 2. HP: 20/20 MP: 0/6
    30 | D:2      | Learned a level 2 spell: Passwall
   112 | D:1      | Reached XP level 3. HP: 26/26 MP: 2/8
   170 | D:3      | Reached skill level 5 in Earth Magic
   223 | D:4      | Found Bohium's Weapon Shop.
   243 | D:4      | Reached XP level 4. HP: 33/33 MP: 9/9
   247 | D:4      | Learned a level 3 spell: Stone Arrow
   252 | D:5      | Entered Level 5 of the Dungeon
   252 | D:5      | Noticed a black bear
   253 | D:5      | Noticed Prince Ribbit
   254 | D:5      | Killed a black bear
   255 | D:5      | Reached skill level 6 in Earth Magic
   255 | D:5      | Reached XP level 5. HP: 38/38 MP: 7/10
   258 | D:5      | Reached skill level 7 in Earth Magic
   258 | D:5      | Reached XP level 6. HP: 22/45 MP: 5/11
   277 | D:4      | Found Vomos's Antique Weapon Shoppe.
   308 | D:5      | Found a burning altar of Makhleb.
   321 | D:5      | HP: 2/45 [hound (2)]
   322 | D:5      | Mangled by an iguana

Illustrated notes

Levels and vault maps discovered:
D:1:      minmay_arrival_open_corners, layout_basic,
          hellmonk_ecumenical_altar_pennies_from_heaven, palyth_stone_intersect
D:2:      layout_loops_ring, hex_medium, hangedman_feature_mirror
D:3:      layout_basic, serial_bayou_pond_a, st_stairs_7, kennysheep_crisscross
D:4:      layout_basic, minmay_temple_entry_glass, serial_shops,
          nicolae_shop_bloodbath_and_beyond, shop, shop_statue, shop
D:5:      layout_cave_pools, lemuel_doored_altar, uniq_edmund,
          uniq_prince_ribbit1

Skill      XL: |  1  2  3  4  5 |
---------------+----------------+-----
Earth Magic    | 4 5 6 7 |  7.3
Dodging        | |  2.4
Stealth        | |  1.4
Spellcasting   | |  2.6
Transmutations | |  1.2

Action                   |  1- 3 |  4- 6 || total
-------------------------+-------+-------++-------
 Cast: Sandblast         |    31 |    12 ||    43
       Passwall          |     2 |       ||     2
  Use: Scroll            |     2 |       ||     2
       Potion            |       |     1 ||     1
Armor: Robe              |     2 |     2 ||     4
Dodge: Dodged            |    10 |     4 ||    14
